 Dungeon Crawl Stone Soup version 0.26.1-11-gd32895ea62 (webtiles) character file.

Game seed: 4670031063746898899

55 Revguard the Ducker (level 3, -2/27 HPs)
             Began as a Demonspawn Gladiator on Apr 17, 2021.
             Slain by Robin
             ... wielding a +0 mace
              (5 damage)
             ... on level 2 of the Dungeon.
             The game lasted 00:04:40 (1719 turns).

Revguard the Ducker (Demonspawn Gladiator)          Turns: 1719, Time: 00:04:41

Health: -2/27      AC:  4    Str: 12 (14) XL:     3   Next: 67%
Magic:  4/4        EV: 12    Int:  8 (10) God:
Gold:   123        SH:  0    Dex: 13 (14) Spells: 4/4 levels left

rFire    + . .     SeeInvis .   h - +0 dagger (venom)
rCold    . . .     Faith    .   (no shield)
rNeg     . . .     Spirit   .   e - +0 leather armour {rF+}
rPois    .         Reflect  .   (helmet restricted)
rElec    .         Harm     .   f - +0 cloak
rCorr    .         Rampage  .   (no gloves)
Will     .....                  (no boots)
Stlth    +.........             (no amulet)
HPRegen  0.09/turn              (no ring)
MPRegen  0.09/turn              (no ring)

@: no status effects
A: horns 1, powered by pain 1
a: no special abilities


You were on level 2 of the Dungeon.
You visited 1 branch of the dungeon, and saw 2 of its levels.

You collected 123 gold pieces.

Inventory:

Hand Weapons
 a - a +0 rapier
 h - a +0 dagger of venom (weapon)
Missiles
 d - 3 throwing nets (quivered)
Armour
 c - a +0 helmet
 e - a +0 leather armour of fire resistance (worn)
 f - a +0 cloak (worn)
Jewellery
 i - an uncursed amulet of faith {unknown}
Scrolls
 b - a scroll of teleportation
 k - a scroll of enchant armour {unknown}
 n - 2 scrolls of remove curse {unknown}
Potions
 m - a potion of might {unknown}


   Skills:
 + Level 2.2 Fighting
 + Level 3.0 Short Blades
 - Level 1.7 Throwing
 * Level 1.3 Armour
 * Level 3.0 Dodging
 * Level 1.0 Stealth
 * Level 1.0 Spellcasting


You had 4 spell levels left.
You didn't know any spells.
Your spell library was empty.

Dungeon Overview and Level Annotations

Branches:
Dungeon (2/15)

Altars:

Annotations:
D:2 Robin


Innate Abilities, Weirdness & Mutations

You have a pair of small horns on your head.
You sometimes gain a little power by taking damage.


Message History

The hobgoblin goes into a battle-frenzy!
The hobgoblin barely misses you.
You hit the hobgoblin but do no damage. Robin throws the goblin at you!
You hit the hobgoblin but do no damage.
The hobgoblin looks as sick as possible!
You headbutt the hobgoblin.
You kill the hobgoblin!
The goblin barely misses you.
You completely miss the goblin. You headbutt the goblin.
You kill the goblin!
Robin throws the goblin at you! The goblin hits you but does no damage.
You barely miss Robin. You headbutt Robin, but do no damage.
Robin is almost dead.
Robin hits you with a +0 mace. The goblin hits you.
* * * LOW HITPOINT WARNING * * *
It was a potion of degeneration.
There was something very wrong with that liquid.
You feel weakened.
You feel dopey.
You feel clumsy. Robin hits you with a +0 mace.
You die...

###### ...... ...$
...... ...# ......
... ###### .. #.#
#.. #..######.### ##
#..gg@g...... .#
###g#####.### ######
.# #..# #..... .#
###########.##
#.#### ##
#........##g.# #.#
#........###g## #.#
#........# #gg#
#.####
#........####.##.#
#.#...
###.....†.ggg..g.#.#
#.#.##


You could see Robin and 3 goblins.

Vanquished Creatures
  An adder (D:2)
  An ooze (D:1)
  2 leopard geckos (D:1)
  An orc (D:2)
  3 bats (D:1)
  A giant cockroach (D:1)
  8 goblins
  6 hobgoblins
  2 frilled lizards
  6 kobolds
  6 rats
37 creatures vanquished.

Notes
Turn   | Place    | Note
-------+----------+-------------------------------------------
     0 | D:1      | Revguard the Demonspawn Gladiator began the quest for the
                  | Orb.
     0 | D:1      | Reached XP level 1. HP: 16/16 MP: 1/1
   241 | D:1      | Gained mutation: You have a pair of small horns on your
                  | head. [demonic ancestry]
   241 | D:1      | Reached XP level 2. HP: 22/22 MP: 2/2
  1047 | D:1      | Reached skill level 1 in Armour
  1049 | D:1      | Gained mutation: You sometimes gain a little power by
                  | taking damage. [demonic ancestry]
  1049 | D:1      | Reached XP level 3. HP: 14/27 MP: 2/4
  1482 | D:2      | Reached skill level 1 in Stealth
  1679 | D:2      | Noticed Robin
  1708 | D:2      | Reached skill level 1 in Spellcasting
  1719 | D:2      | Slain by Robin

Illustrated notes

Levels and vault maps discovered:
D:1:      eino_arrival_tree_alley, layout_loops_corners
D:2:      layout_basic, uniq_robin, uniq_jessica

Skill      XL: |  1  2  3 |
---------------+----------+-----
Armour         | 1 |  1.3
Dodging        | 3 |  3.0
Stealth        | 1 |  1.0
Short Blades   | 3 |  3.0
Spellcasting   | 1 |  1.0
Fighting       | |  2.2
Throwing       | |  1.7

Action                   || total
-------------------------++-------
Melee: Rapier            ||    56
       Dagger            ||    37
       Headbutt          ||    14
  Use: Potion            ||     6
       Scroll            ||     1
 Stab: Sleeping          ||     1
Armor: Leather armour    ||    40
Dodge: Dodged            ||    73
